 Dungeon Crawl Stone Soup version 0.21.1-1-g345015f (webtiles) character file.

407827 equalderp2856 the Executioner (level 22, -6/213 HPs)
             Began as a Minotaur Fighter on May 11, 2018.
             Killed from afar by a battlesphere (8 damage)
             ... created by a tengu reaver
             ... led by Sojobo
             ... on level 4 of the Depths.
             The game lasted 02:41:16 (69247 turns).

equalderp2856 the Executioner (Minotaur Fighter)   Turns: 69247, Time: 02:41:17

Health: -6/213     AC: 36    Str: 24    XL:     22   Next: 68%
Magic:  0/35       EV: 11    Int: 10    God:
Gold:   3187       SH: 17    Dex: 15    Spells: 41/41 levels left

rFire    . . .     SeeInvis +   D - +9 broad axe (flame)
rCold    x . .     Gourm    .   c - +0 shield
rNeg     + . .     Faith    .   u - +2 plate armour {rPois}
rPois    +         Spirit   +   s - +2 hat
rElec    .         Reflect  .   A - scarf {repulsion}
rCorr    .         Harm     .   k - +2 pair of gloves of Petyufemp {rPois rC- rN+ Dex+3}
MR       +....                  l - +2 pair of boots
Stlth    ..........             Y - amulet of guardian spirit
HPRegen  0.45/turn              q - +6 ring of protection
MPRegen  0.24/turn              Q - ring of see invisible

@: very slightly contaminated, repel missiles
A: retaliatory headbutt, horns 2
}: 1/15 runes: serpentine
a: no special abilities


You were on level 4 of the Depths.
You were hungry.

You visited 8 branches of the dungeon, and saw 39 of its levels.
You also visited: Labyrinth, Bailey and Volcano.

You collected 3292 gold pieces.
You spent 105 gold pieces at shops.

Inventory:

Hand Weapons
 m - a +4 demon trident of electrocution
 D - a +9 broad axe of flaming (weapon)
 E - a +4 trident of piercing
 U - the +4 trident "Borefob" {protect, rElec rF+}
   (You found it on level 1 of the Depths)

   It protects the one who uses it against injury (+AC on strike).
   It protects you from fire.
   It insulates you from electricity.
Armour
 c - a +0 shield (worn)
 k - the +2 pair of gloves of Petyufemp (worn) {rPois rC- rN+ Dex+3}
   (You found it on level 4 of the Snake Pit)

   It affects your dexterity (+3).
   It makes you vulnerable to cold.
   It protects you from poison.
   It protects you from negative energy.
 l - a +2 pair of boots (worn)
 s - a +2 hat (worn)
 u - a +2 plate armour of poison resistance (worn)
 A - a scarf of repulsion (worn)
 J - a +2 chain mail of fire resistance
Jewellery
 q - a +6 ring of protection (left hand)
 w - an uncursed ring of fire
 y - an uncursed ring of poison resistance
 B - an uncursed ring of wizardry
 C - an uncursed ring of teleportation
 H - the ring "Otexe" {+Blink rC- EV+2 Dex+3}
   (You found it on level 8 of the Dungeon)

   [ring of evasion]

   It affects your evasion (+2).
   It affects your dexterity (+3).
   It makes you vulnerable to cold.
   It lets you blink.
 K - an uncursed ring of ice
 L - a +2 ring of evasion
 Q - a ring of see invisible (right hand)
 X - an uncursed ring of protection from magic {unknown}
 Y - an amulet of guardian spirit (around neck)
Wands
 b - a wand of polymorph (36)
 z - a wand of paralysis (51)
 P - a wand of random effects (26)
 S - a wand of digging (10)
Scrolls
 e - 2 scrolls of enchant armour
 i - 14 scrolls of remove curse
 n - 4 scrolls of blinking
 p - 8 scrolls of teleportation
 r - 11 scrolls of identify
 F - 7 scrolls of amnesia
 O - 3 scrolls of brand weapon
 V - a scroll of fog
 W - 4 scrolls of random uselessness {unknown}
Potions
 a - 2 potions of ambrosia
 d - 2 potions of might
 g - 2 potions of curing
 h - 2 potions of cancellation
 o - 3 potions of resistance
 t - 3 potions of mutation
 x - 10 potions of brilliance
 G - 7 potions of berserk rage
 I - a potion of flight
 M - 9 potions of haste
 R - 2 potions of agility
 T - 2 potions of invisibility
Books
 j - a Young Poisoner's Handbook

   Spells                             Type                      Level
   a - Sting                          Conjuration/Poison           1
   b - Poisonous Vapours              Poison/Air                   2
   c - Mephitic Cloud                 Conjuration/Poison/Air       3
   d - Olgreb's Toxic Radiance        Poison                       4
   e - Venom Bolt                     Conjuration/Poison           5
 Z - a book of Power

   Spells                             Type                      Level
   a - Iskenderun's Battlesphere      Conjuration/Charms           5
   b - Venom Bolt                     Conjuration/Poison           5
   c - Bolt of Magma                  Conjuration/Fire/Earth       5
   d - Iron Shot                      Conjuration/Earth            6
   e - Orb of Destruction             Conjuration                  7
   f - Spellforged Servitor           Conjuration/Summoning        7
Miscellaneous
 N - a phantom mirror
Comestibles
 f - 25 rations


   Skills:
 + Level 21.6 Fighting
 + Level 23.4(23.5) Axes
 + Level 3.3(16.3) Polearms
 + Level 18.8 Armour
 + Level 5.9 Dodging
 + Level 4.1 Stealth
 + Level 22.3 Shields
 * Level 10.2 Spellcasting
 + Level 5.0 Evocations


You had 41 spell levels left.
You didn't know any spells.

Dungeon Overview and Level Annotations

Branches:
Dungeon (15/15)            Temple (0/1) D:7            Lair (6/6) D:10
 Shoals (2/4) Lair:4        Snake (4/4) Lair:4        Slime (0/5) Lair:6
    Orc (2/2) D:10            Elf (2/3) Orc:2        Vaults (4/5) D:13
  Crypt (0/3) Vaults:2     Depths (4/5) D:15

Altars:
Cheibriados
Hepliaklqana
Kikubaaqudgha
Makhleb
Nemelex Xobeh
Okawaru
Sif Muna
Trog
Vehumet
Wu Jian
Xom
The Shining One
Beogh
Jiyva

Shops:
D:4 :   D:9 %   D:12 *   Orc:1 [   Orc:2 *(:[   Vaults:4 :   Depths:1 *

Portals:
Hell: Depths:1 Depths:2 Depths:3
Abyss: Depths:1 Depths:2
Pandemonium: Depths:3
Ziggurat: Depths:3
Bazaar: Vaults:2
Trove: Elf:2 (give manual of Dodging)

Annotations:
D:2 Sigmund
D:6 crasatator's ghost, novice OgHu
D:7 exclusion: statue
Lair:3 exclusion: 4 oklob plants
Shoals:2 Louise
Depths:4 Sojobo


Innate Abilities, Weirdness & Mutations

You reflexively headbutt those who attack you in melee.
You have a pair of horns on your head.


Message History

* * * LOW HITPOINT WARNING * * *
Unknown command.
Blink to where?
Press: ? - help, Dir - move target cursor You are very lightly contaminated with residual magic.
As you read the scroll of blinking, it crumbles to dust.
You feel much better.
Sojobo mumbles some strange words.
The tengu reaver casts a spell at you. The bolt of magma hits you!
* * * LOW HITPOINT WARNING * * *
Unknown command.
A vortex of raging winds appears around the air elemental! x2
You hear a shout!
The sphinx shouts!
The winds around the air elemental start to calm down.
The tengu reaver points at you and mumbles some strange words.
The fireball explodes!
The fireball engulfs you!
* * * LOW HITPOINT WARNING * * *
The battlesphere fires!
The barrage of energy hits you!
You die...

.......§.§§..§..).#
..
.#.......c§.(.....#.#
##....Q.§§.C.......#
###..E..........###
########*#..###
#Q#..# #########
#.#..#
#..##H.§###)#.>#
##.#...§§§§E..@#
#.#.H#§E§§§##.#
#...#Q§§##§§*.#
###.###.#####Q#
#..)E.Q.*...#
####.######.# #÷# #.#
##[# #.# #..# #.#


You could see a tengu reaver, 2 air elementals and a battlesphere.

Vanquished Creatures
  Frederick (Vaults:4)
  Saint Roka (Elf:2)
  Vashnia (Snake:2)
  Nikola (Snake:3)
  Jorgrun (Depths:1)
  3 liches
  A tentacled monstrosity (Depths:2)
  Asterion (Snake:3)
  A titan (Depths:2)
  A deep elf blademaster (Elf:2)
  2 krakens (Shoals:1)
  Gastronok (Lair:2)
  3 tengu reavers
  Donald (Snake:3)
  10 nagarajas
  5 frost giants
  4 fire giants
  A deep elf sorcerer (Vaults:3)
  11 vault wardens
  Aizul (Snake:3)
  17 ironheart preservers
  An orc warlord (Orc:1)
  A ghoul (Vaults:2)
  15 stone giants
  7 very ugly things
  2 vampire knights
  A deep elf demonologist (Vaults:2)
  3 spark wasps (Depths:1)
  2 deep elf annihilators (Vaults:3)
  Azrael (Elf:1)
  Snorg (D:11)
  A deep elf death mage (Vaults:3)
  Josephine (Orc:2)
  A merfolk javelineer (Depths:1)
  9 fire dragons
  A crystal guardian (Vaults:2)
  3 ettins (Depths:2)
  A minotaur (Lab)
  A deep elf high priest (Elf:1)
  12 yaktaur captains
  9 great orbs of eyes
  Erolcha (D:12)
  7 rakshasas
  6 ice dragons
  Erica (D:8)
  5 hydras
  20 vault guards
  A catoblepas (Lair:6)
  13 naga warriors
  A spriggan air mage (Depths:2)
  Harold (D:10)
  12 anacondas
  11 centaur warriors
  4 death knights
  52 two-headed ogres
  17 ogre magi
  4 deep troll earth magi
  24 dancing weapons
  8 death yaks
  2 spriggan berserkers
  8 deep troll shamans
  3 tengu warriors
  Urug (Lair:3)
  19 naga sharpshooters
  An orc high priest (Orc:2)
  A vampire mage (Depths:3)
  6 shock serpents
  Sonja (Lair:3)
  18 deep elf knights
  2 iron trolls (Depths:4)
  8 hell knights
  7 skeletal warriors
  13 sea snakes
  2 unseen horrors (Depths:2)
  4 salamander mystics
  A titan skeleton (Vaults:4)
  5 wizards
  A gelid demonspawn (Depths:3)
  2 glowing orange brains
  9 naga ritualists
  19 deep trolls
  A shadow dragon zombie (Vaults:4)
  17 ironbrand convokers
  A necromancer (Vaults:4)
  5 flayed ghosts
  15 orc knights
  Pikel (D:5)
  13 deep elf archers
  19 harpies
  An orb spider (shapeshifter) (Vaults:3)
  3 wolf spiders
  8 mana vipers (Snake:1)
  5 orc sorcerers
  35 ugly things
  4 fauns
  51 deep elf magi
  7 cyclopes
  12 elephants
  A fire giant zombie (Vaults:4)
  15 salamanders
  3 manticores
  Joseph (D:7)
  5 centaur zombies
  4 merfolk sirens
  21 naga magi
  Maurice (D:12)
  3 guardian serpents
  9 vault sentinels
  31 black mambas
  A water nymph (Shoals:1)
  A torpor snail (shapeshifter) (Depths:1)
  10 spiny frogs
  A hellion (Depths:3)
  8 gargoyles (Lab)
  6 wind drakes
  A kobold demonologist (D:14)
  An ice devil (Depths:3)
  A komodo dragon (shapeshifter) (D:15)
  6 komodo dragons
  14 freezing wraiths
  6 tengu conjurers
  A yaktaur (shapeshifter) (Vaults:1)
  43 yaktaurs
  A yaktaur skeleton (Vaults:4)
  5 small abominations
  An efreet (D:15)
  3 large abominations (Depths:2)
  5 merfolk
  A queen bee (shapeshifter) (Vaults:1)
  A meliai (shapeshifter) (D:15)
  A queen bee (D:9)
  4 polar bears (Lair:6)
  A wolf spider simulacrum (D:15)
  6 hornets
  9 trolls
  21 blink frogs
  7 dream sheep
  3 snapping turtles (Shoals:1)
  The ghost of VikingKong the Caller, an amateur MfSu of Sif Muna (D:4)
  17 hippogriffs
  26 slime creatures
  A dream sheep (shapeshifter) (Depths:2)
  A stone giant simulacrum (Vaults:1)
  2 redbacks (Lab)
  16 spriggans (Lair:6)
  3 air elementals (Depths:2)
  3 shadows
  A yak (shapeshifter) (Vaults:1)
  A basilisk (shapeshifter) (Vaults:2)
  5 wyverns
  Grum (D:10)
  3 vampires
  2 humans
  7 basilisks
  6 water elementals
  25 yaks
  5 fire elementals (Elf:1)
  6 wraiths
  4 hogs (D:7)
  3 vampire mosquitoes (D:15)
  8 chaos spawn
  7 hungry ghosts
  Menkaure (D:7)
  5 wargs
  57 nagas
  13 insubstantial wisps (D:13)
  4 acid dragons
  A naga (shapeshifter) (Depths:1)
  10 water moccasins
  A floating eye (shapeshifter) (Vaults:3)
  13 porcupines
  4 hell hounds (Elf:1)
  34 orc warriors
  A meliai simulacrum (D:15)
  3 sky beasts
  A sky beast (shapeshifter) (Vaults:1)
  5 black bears
  4 ice beasts
  4 phantoms
  A black bear (shapeshifter) (Depths:1)
  A necrophage (D:12)
  12 centaurs
  24 wolves
  35 ogres
  9 boggarts
  11 crocodiles
  4 big kobolds
  Blork the orc (D:5)
  18 bullfrogs
  A gnoll sergeant (D:8)
  3 earth elementals
  A wyvern zombie (D:13)
  2 wyvern skeletons
  3 scorpions
  A scorpion (shapeshifter) (Depths:3)
  29 killer bees
  18 wights
  7 electric eels
  2 howler monkeys
  12 crimson imps
  The ghost of TinyReaver the Caller, a weakling TeSu (D:3)
  A quasit (D:8)
  A human simulacrum (Vaults:1)
  A wyvern simulacrum (D:14)
  2 bullfrog zombies
  9 hounds
  6 jellies
  19 orc priests
  3 centaur skeletons
  A gnoll shaman (D:7)
  5 bullfrog skeletons
  3 iron imps (Depths:3)
  27 orc wizards
  9 iguanas
  A hell rat (Lair:3)
  14 worker ants
  A hound skeleton (D:6)
  12 gnolls
  13 adders
  6 river rats (Lair:3)
  6 shadow imps
  4 white imps
  An ufetubus (D:15)
  An adder skeleton (D:4)
  3 worms
  2 dart slugs
  4 leopard geckos
  86 orcs
  5 bats
  2 giant cockroaches
  11 goblins
  8 hobgoblins
  10 jackals
  5 quokkas
  2 ball pythons
  A ball python zombie (D:5)
  5 frilled lizards
  A jackal zombie (D:8)
  34 kobolds
  2 leopard gecko skeletons (D:7)
  8 rats
  5 bushes (D:15)
  11 fungi
  7 plants
  6 tentacles (Shoals:1)
1798 creatures vanquished.

Vanquished Creatures (collateral kills)
  A merfolk avatar (Shoals:1)
  A merfolk (Shoals:1)
2 creatures vanquished.

Vanquished Creatures (others)
  A nagaraja (Snake:3)
  A harpy (Shoals:2)
  2 boggarts (Depths:3)
  A bullfrog skeleton (D:5)
  An orc wizard (Orc:2)
  10 ball lightnings (D:13)
  3 bushes (D:15)
  11 fungi
  8 plants
  6 tentacles (Shoals:1)
44 creatures vanquished.

Grand Total: 1844 creatures vanquished

Notes
Turn   | Place    | Note
-------+----------+-------------------------------------------
     0 | D:1      | equalderp2856 the Minotaur Fighter began the quest for the Orb.
     0 | D:1      | Reached XP level 1. HP: 19/19 MP: 0/0
    62 | D:1      | Reached XP level 2. HP: 15/27 MP: 1/1
   353 | D:1      | Reached XP level 3. HP: 33/33 MP: 2/2
   710 | D:2      | Noticed Sigmund
   747 | D:3      | Noticed TinyReaver's ghost (weakling TeSu)
  1057 | D:3      | Killed TinyReaver's ghost
  1057 | D:3      | Reached skill level 3 in Axes
  1057 | D:3      | Reached XP level 4. HP: 26/40 MP: 3/3
  1336 | D:3      | Found an ornate altar of the Wu Jian Council.
  1542 | D:4      | Reached XP level 5. HP: 37/46 MP: 4/4
  1567 | D:4      | Found Qoyc's Book Shoppe.
  1599 | D:4      | Reached skill level 5 in Armour
  1602 | D:4      | Reached skill level 4 in Axes
  2131 | D:4      | Found an ancient bone altar of Kikubaaqudgha.
  2169 | D:4      | Noticed VikingKong's ghost (amateur MfSu)
  2180 | D:4      | Reached skill level 5 in Shields
  2183 | D:4      | Reached skill level 1 in Dodging
  2183 | D:4      | Reached XP level 6. HP: 43/52 MP: 5/5
  2467 | D:4      | Killed VikingKong's ghost
  2467 | D:4      | Reached skill level 5 in Axes
  2812 | D:4      | Reached XP level 7. HP: 50/60 MP: 6/6
  2827 | D:4      | Reached skill level 6 in Axes
  3428 | D:5      | Entered Level 5 of the Dungeon
  3440 | D:5      | Noticed Pikel
  3454 | D:5      | Killed Pikel
  3454 | D:5      | Reached skill level 5 in Fighting
  3454 | D:5      | Reached skill level 7 in Axes
  3454 | D:5      | Reached XP level 8. HP: 56/68 MP: 7/7
  3533 | D:5      | Reached skill level 8 in Axes
  3968 | D:5      | Found a sparkling altar of Nemelex Xobeh.
  4095 | D:5      | Noticed Blork the orc
  4133 | D:5      | Killed Blork the orc
  4209 | D:5      | Reached skill level 9 in Axes
  4506 | D:5      | Found a bloodstained altar of Trog.
  4643 | D:6      | Reached skill level 1 in Stealth
  4695 | D:6      | Found a snail-covered altar of Cheibriados.
  4848 | D:6      | Noticed crasatator's ghost (novice OgHu)
  5183 | D:6      | Found a glowing golden altar of the Shining One.
  6204 | D:6      | Reached XP level 9. HP: 63/75 MP: 8/8
  7123 | D:7      | Reached skill level 1 in Evocations
  7128 | D:7      | Found a staircase to the Ecumenical Temple.
  7353 | D:7      | Got a jewelled hunting sling
  7366 | D:7      | Noticed Joseph
  7380 | D:7      | Killed Joseph
  7380 | D:7      | Reached skill level 10 in Axes
  7385 | D:7      | Found a radiant altar of Vehumet.
  7402 | D:7      | Noticed Menkaure
  7414 | D:7      | Killed Menkaure
  7589 | D:7      | Found a flagged portal.
  7596 | D:7      | Reached skill level 11 in Axes
  7631 | Bailey   | Entered a bailey
  7927 | Bailey   | Reached XP level 10. HP: 72/84 MP: 10/10
  8142 | Bailey   | Found a burning altar of Makhleb.
  8863 | D:8      | Identified the +6 hunting sling of Ashenzari's Delight {venom, rElec Int+4} (You found it on level 7 of the Dungeon)
  9011 | D:8      | Noticed Erica
  9060 | D:8      | Killed Erica
  9755 | D:8      | Got a steaming silver ring
 10104 | D:9      | Reached skill level 12 in Axes
 11087 | D:9      | Reached XP level 11. HP: 85/95 MP: 11/11
 11336 | D:9      | Found Oshruq's Food Boutique.
 11577 | D:9      | Found a hazy altar of Hepliaklqana.
 11690 | D:10     | Entered Level 10 of the Dungeon
 11742 | D:10     | Reached skill level 10 in Shields
 11765 | D:10     | Found a staircase to the Orcish Mines.
 11938 | D:10     | Noticed Harold
 11953 | D:10     | Killed Harold
 11953 | D:10     | Reached skill level 13 in Axes
 11986 | D:10     | Found a staircase to the Lair.
 12342 | D:11     | Noticed Grum
 12363 | D:10     | Killed Grum
 12440 | Lair:1   | Entered Level 1 of the Lair of Beasts
 12734 | Lair:1   | Found a labyrinth entrance.
 12742 | Lab      | Entered a labyrinth
 13327 | Lab      | Reached skill level 10 in Armour
 13628 | Lab      | Got a slimy flail
 13832 | Lab      | Reached skill level 10 in Fighting
 14331 | Lab      | Noticed a minotaur
 14337 | Lab      | Killed a minotaur
 14339 | Lab      | Got a twitching bronze ring
 14499 | Lab      | Identified the Tome of Supportive Boosts
 14499 | Lab      | Identified the Tome of Lightness and Fire
 14655 | Lab      | Identified the cursed +2 flail of the Lost Cities {venom, *Corrode Str+2 Int+4} (You found it in a labyrinth)
 14673 | Lab      | Identified the ring "Iqodwouc" {Fire Int+4 Stlth+} (You took it off a minotaur in a labyrinth)
 14685 | Lab      | Identified the ring "Otexe" {+Blink rC- EV+2 Dex+3} (You found it on level 8 of the Dungeon)
 14858 | Lab      | Reached XP level 12. HP: 106/106 MP: 12/12
 15617 | Lair:1   | Reached skill level 14 in Axes
 16613 | Lair:2   | Noticed Gastronok
 16807 | Lair:2   | Killed Gastronok
 17820 | Lair:3   | Noticed Urug
 17988 | Lair:3   | Killed Urug
 18015 | Lair:3   | Noticed Sonja
 18021 | Lair:3   | Killed Sonja
 18021 | Lair:3   | Reached skill level 15 in Axes
 18204 | Lair:3   | Found the ring of the Mage {Wiz MR++ Int+3}
 18316 | Lair:3   | Reached XP level 13. HP: 115/115 MP: 14/14
 18730 | Lair:4   | Found a staircase to the Snake Pit.
 19558 | Lair:4   | Found a staircase to the Shoals.
 19573 | Lair:4   | Reached skill level 1 in Polearms
 20794 | Lair:5   | You fall through a shaft!
 20794 | Lair:6   | Entered Level 6 of the Lair of Beasts
 20832 | Lair:6   | Reached skill level 16 in Axes
 22442 | Lair:6   | Reached XP level 14. HP: 120/127 MP: 15/15
 23090 | Lair:6   | Found a staircase to the Slime Pits.
 23444 | Lair:6   | Found a viscous altar of Jiyva.
 24205 | Orc:1    | Entered Level 1 of the Orcish Mines
 24205 | Orc:1    | Found Soiqor's Armour Boutique.
 24569 | Orc:2    | Entered Level 2 of the Orcish Mines
 24800 | Orc:2    | Found a dark tunnel.
 24827 | Volcano  | Entered a volcano
 24944 | Volcano  | Found a bloodstained altar of Trog.
 25981 | Orc:2    | Found a roughly hewn altar of Beogh.
 26531 | Orc:2    | Found Fira's Antique Weapon Shop.
 26540 | Orc:2    | Noticed an orc warlord
 26541 | Orc:2    | Found Lawker's General Store.
 26587 | Orc:1    | Killed an orc warlord
 26755 | Orc:2    | Reached skill level 15 in Shields
 26777 | Orc:2    | Reached skill level 17 in Axes
 26901 | Orc:2    | Bought a scroll of enchant weapon for 105 gold pieces
 26911 | Orc:2    | Found Farul's Book Shop.
 26939 | Orc:2    | Found Quton's Antique Armour Shop.
 27053 | Orc:2    | Found a staircase to the Elven Halls.
 27101 | Orc:2    | Noticed Josephine
 27471 | Orc:2    | Killed Josephine
 28079 | Snake:1  | Entered Level 1 of the Snake Pit
 28104 | Snake:1  | Reached XP level 15. HP: 135/136 MP: 11/17
 28547 | Lair:4   | HP: 6/137 [poisoned by a naga ritualist (toxic radiance)]
 28552 | Lair:4   | HP: 5/137 [poisoned by a naga ritualist (toxic radiance)]
 28557 | Lair:4   | HP: 4/137 [poisoned by a naga ritualist (toxic radiance)]
 28564 | Lair:4   | HP: 5/137 [poisoned by a naga ritualist (toxic radiance)]
 28572 | Lair:4   | HP: 5/137 [poisoned by a naga ritualist (toxic radiance)]
 30033 | Snake:1  | Found a shimmering altar of Xom.
 30929 | Snake:2  | Noticed Vashnia
 31740 | Snake:2  | Killed Vashnia
 31740 | Snake:2  | Reached skill level 18 in Axes
 31958 | Snake:2  | Noticed a nagaraja
 31967 | Snake:2  | Killed a nagaraja
 33557 | Snake:3  | Noticed Asterion
 34725 | Snake:3  | Reached XP level 16. HP: 82/147 MP: 18/18
 35302 | Shoals:1 | Entered Level 1 of the Shoals
 35320 | Shoals:1 | Reached skill level 15 in Fighting
 35321 | Shoals:1 | Reached skill level 15 in Armour
 35321 | Shoals:1 | Reached skill level 5 in Dodging
 35692 | Shoals:1 | Noticed a kraken
 35707 | Shoals:1 | Killed a kraken
 35863 | Shoals:1 | Reached skill level 1 in Spellcasting
 36319 | Shoals:1 | Noticed a kraken
 36327 | Shoals:1 | Killed a kraken
 36574 | Shoals:2 | Noticed Louise
 37236 | Elf:1    | Entered Level 1 of the Elven Halls
 38318 | Elf:1    | Noticed Azrael
 38343 | Elf:1    | Killed Azrael
 39249 | Elf:1    | Reached skill level 19 in Axes
 39727 | Elf:2    | Found a runed gate.
 39728 | Elf:2    | Found a runed gate.
 39732 | Elf:2    | Found a runed gate.
 40203 | Elf:2    | Reached XP level 17. HP: 143/158 MP: 20/20
 40585 | Elf:2    | Found a portal to a secret trove of treasure.
 41569 | Elf:2    | Noticed a deep elf blademaster
 41585 | Elf:2    | Killed a deep elf blademaster
 41705 | Elf:2    | Noticed Saint Roka
 41977 | Elf:2    | Killed Saint Roka
 43487 | Snake:3  | Noticed Nikola
 44054 | Snake:3  | Killed Asterion
 44432 | Snake:3  | Noticed Aizul
 44444 | Snake:3  | Killed Aizul
 45225 | Snake:3  | Killed Nikola
 45313 | Snake:3  | Noticed Donald
 45323 | Snake:3  | Killed Donald
 45566 | Snake:4  | Entered Level 4 of the Snake Pit
 45827 | Snake:4  | Reached skill level 5 in Spellcasting
 45846 | Snake:4  | Reached XP level 18. HP: 99/168 MP: 21/24
 47327 | Snake:4  | Got a pair of smoking gloves
 47333 | Snake:4  | Identified the +2 pair of gloves of Petyufemp {rPois rC- rN+ Dex+3} (You found it on level 4 of the Snake Pit)
 48304 | Snake:4  | Reached skill level 20 in Axes
 48849 | Snake:4  | Got a serpentine rune of Zot
 49290 | D:11     | Noticed Snorg
 49303 | D:11     | Killed Snorg
 49672 | D:11     | Found a deep blue altar of Sif Muna.
 50099 | D:12     | Found a glowing golden altar of the Shining One.
 50168 | D:12     | Noticed Erolcha
 50178 | D:12     | Killed Erolcha
 50349 | D:12     | Found Miasaxza's Assorted Antiques.
 50349 | D:12     | Noticed Maurice
 50359 | D:12     | Killed Maurice
 51228 | D:13     | Found a gate to the Vaults.
 52484 | D:15     | Entered Level 15 of the Dungeon
 52588 | D:15     | Found a burning altar of Makhleb.
 52594 | D:15     | Reached XP level 19. HP: 69/179 MP: 12/27
 52868 | D:15     | Found a staircase to the Depths.
 54110 | Vaults:1 | Entered Level 1 of the Vaults
 54175 | Vaults:1 | Paralysed by an ogre mage for 2 turns
 54797 | Vaults:1 | Found a flickering gateway to a bazaar.
 54992 | Vaults:1 | Found an iron altar of Okawaru.
 55088 | Vaults:1 | Reached skill level 21 in Axes
 56873 | Vaults:2 | Reached XP level 20. HP: 191/191 MP: 30/30
 57321 | Vaults:2 | Found a gateway to a bazaar.
 58109 | Vaults:2 | Found a staircase to the Crypt.
 58788 | Vaults:3 | Reached skill level 22 in Axes
 59426 | Vaults:3 | Reached XP level 21. HP: 170/201 MP: 27/32
 60794 | Vaults:4 | Found Degirch's Book Shoppe.
 61804 | Vaults:4 | Paralysed by an ogre mage for 3 turns
 63124 | Vaults:4 | Noticed Frederick
 63136 | Vaults:4 | Killed Frederick
 63573 | Depths:1 | Entered Level 1 of the Depths
 63844 | Depths:1 | Reached skill level 5 in Evocations
 64753 | Depths:1 | Found Disso's Changing Room.
 64904 | Depths:1 | Found a one-way gate to the infinite horrors of the Abyss.
 64957 | Depths:1 | Found a gateway to Hell.
 64978 | Depths:1 | Reached XP level 22. HP: 176/213 MP: 34/34
 65614 | Depths:1 | Got a blackened trident
 65617 | Depths:1 | Identified the +4 trident "Borefob" {protect, rElec rF+} (You found it on level 1 of the Depths)
 65735 | Depths:2 | Noticed Jorgrun
 65741 | Depths:2 | Reached skill level 23 in Axes
 65767 | Depths:1 | Killed Jorgrun
 67138 | Depths:2 | Identified the +4 trident of Discretion {chaos, rPois rC+ MR- Stlth+} (You found it on level 2 of the Depths)
 67180 | Depths:2 | Reached skill level 10 in Spellcasting
 67450 | Depths:3 | Found a gateway to a ziggurat.
 68881 | Depths:3 | Found a one-way gate leading to the halls of Pandemonium.
 69185 | Depths:4 | Noticed Sojobo
 69238 | Depths:4 | HP: 10/213 [fire giant/bolt of fire (2)]
 69247 | Depths:4 | HP: 2/213 [tengu reaver/fireball[Sojobo] (21)]
 69247 | Depths:4 | Killed from afar by a battlesphere

Skill      XL: |  1  2  3  4  5  6  7  8  9 10 11 12 13 14 15 16 17 18 19 20 21 22 |
---------------+-------------------------------------------------------------------+-----
Armour         | 4 5 6 7 8 9 11 12 14 15 16 17 18 | 18.8
Shields        | 4 5 7 8 9 11 12 13 15 16 17 18 19 20 21 22 | 22.3
Fighting       | 4 5 6 8 10 12 13 14 15 16 17 19 20 21 | 21.6
Axes           | 3 4 5 7 9 11 12 13 15 16 17 18 19 20 21 22 23 | 23.4
Dodging        | 1 2 3 4 5 |  5.9
Stealth        | 1 3 4 |  4.1
Evocations     | 1 2 3 4 5 |  5.0
Polearms       | 2 3 |  3.3
Spellcasting   | 3 5 6 7 8 9 10 | 10.2

Action                   |  1- 3 |  4- 6 |  7- 9 | 10-12 | 13-15 | 16-18 | 19-21 | 22-24 || total
-------------------------+-------+-------+-------+-------+-------+-------+-------+-------++-------
Melee: War axe           |    59 |   108 |   326 |   992 |   803 |       |       |       ||  2288
       Headbutt          |     7 |    19 |    63 |   219 |   333 |   374 |   403 |   134 ||  1552
       Trident           |       |       |       |       |    45 |       |       |       ||    45
       Broad axe         |       |       |       |       |   577 |  1530 |  1386 |   433 ||  3926
       Demon trident     |       |       |       |       |       |    15 |       |       ||    15
 Abil: Evoke Blink       |       |       |       |    10 |       |       |       |       ||    10
Evoke: Wand              |       |       |    13 |    37 |    18 |    25 |     5 |       ||    98
  Use: Potion            |       |     1 |       |     3 |     5 |    13 |     1 |     2 ||    25
       Scroll            |       |       |     3 |    13 |    18 |    12 |    10 |     3 ||    59
 Stab: Confused          |       |       |     2 |       |       |       |       |       ||     2
       Distracted        |       |       |     1 |       |       |       |     1 |       ||     2
       Paralysed         |       |       |       |    10 |     2 |       |       |       ||    12
  Eat: Chunk             |       |     3 |     7 |    10 |    23 |    13 |    14 |     3 ||    73
       Ration            |       |     1 |     3 |    11 |     9 |    13 |     8 |     3 ||    48
Armor: Scale mail        |    29 |    32 |    21 |       |       |       |       |       ||    82
       Ring mail         |       |       |    86 |       |       |       |       |       ||    86
       Plate armour      |       |       |     5 |   449 |   523 |   607 |   593 |   174 ||  2351
       Chain mail        |       |       |       |       |    48 |       |       |       ||    48
       Skin              |       |       |       |       |       |     1 |       |       ||     1
Dodge: Dodged            |    22 |    42 |   131 |   282 |   355 |   380 |   374 |   100 ||  1686
       Deflected         |       |       |    19 |    14 |    33 |    84 |    64 |    15 ||   229
Block: Shield            |    38 |    55 |   230 |   626 |   829 |   957 |   959 |   323 ||  4017
